 Dungeon Crawl Stone Soup version 0.31-a0-180-g519b7de00c (webtiles) character file.

Game seed: 4688148571943712832

123 frimble the Insei (level 5, 0/34 HPs)
             Began as an Octopode Warper on June 20, 2023.
             Slain by a gnoll
             ... wielding a +2 spear of freezing
              (3 damage)
             ... on level 3 of the Dungeon.
             The game lasted 00:02:04 (2379 turns).

frimble the Insei (Octopode Warper)                 Turns: 2379, Time: 00:02:04

Health: 0/34       AC:  1    Str: 12    XL:     5   Next: 7%
Magic:  8/8        EV: 13    Int: 15    God:
Gold:   151        SH:  0    Dex: 12    Spells: 6/8 levels left

rFire   . .          .
                       - Unarmed
rCold   . . .        (no shield)
rNeg    . . .        (helmet restricted)
rPois   .            (no amulet)
rElec   .            c - ring of willpower
rCorr   .            (no ring)
SInv    .            (no ring)
Will    .....        (no ring)
Stlth   ++           (no ring)
HPRegen 0.25/turn    (no ring)
MPRegen 0.11/turn    (no ring)
                     (no ring)

%: no passive effects
@: weak-willed
A: almost no armour, amphibious, 8 rings, camouflage 1, gelatinous body 1,
(nimble swimmer 1), tentacles
a: no special abilities


You were on level 3 of the Dungeon.
You visited 1 branch of the dungeon, and saw 3 of its levels.

You collected 151 gold pieces.

Inventory:

Missiles
 b - 7 boomerangs of dispersal (quivered)
 h - 4 javelins
 m - 3 boomerangs
Jewellery
 c - a ring of willpower (left tentacle)
Scrolls
 a - a scroll of blinking
Potions
 d - 2 potions of lignification {unknown}
 e - a potion of brilliance {unknown}
 f - a potion of ambrosia {unknown}
 g - 2 potions of curing {unknown}
 i - a potion of invisibility {unknown}
 j - a potion of enlightenment {unknown}
 k - a potion of might {unknown}


   Skills:
 - Level 2.0 Fighting
 - Level 1.0 Throwing
 - Level 2.3 Dodging
 + Level 5.1 Unarmed Combat
 - Level 2.0 Spellcasting
 - Level 3.0 Translocations


You had 6 spell levels left.
You knew the following spells:

 Your Spells              Type           Power      Damage    Failure   Level
a - Blink                 Tloc           20%        N/A       10%         2

Your spell library contained the following spells:

 Spells                   Type           Power      Damage    Failure   Level
 Lesser Beckoning         Tloc           20%        N/A       10%         2
 Teleport Other           Tloc           10%        N/A       19%         3
 Sting                    Tmut/Pois      4%         1d3       22%         1
 Vhi's Electric Charge    Tloc/Air       12%        N/A       34%         3
 Manifold Assault         Tloc           10%        N/A       54%         4
 Conjure Ball Lightning   Conj/Air       0%         3x3d6     100%        6
 Chain Lightning          Conj/Air       0%         2d1       100%        9


Dungeon Overview and Level Annotations

Branches:
Dungeon (3/15)

Altars:
Wu Jian


Innate Abilities, Weirdness & Mutations

You cannot wear most types of armour.
You are amphibious.
You can wear up to eight rings at the same time.
Your skin changes colour to match your surroundings (Stealth+).
Your rubbery body absorbs attacks. (AC +1, EV +1)
((You are camouflaged when in or above water. (Stealth+)))
You have tentacles for arms and can constrict up to eight enemies at once.


Message History

n - a scroll labelled BAQ MAHIYDGHOME You pick up Dont's Folio of Transmigration and Lightning and begin reading...
You add the spells Sting, Conjure Ball Lightning and Chain Lightning to your library.
A kobold, a rat and 2 gnolls come into view.
A gnoll is wielding a +2 spear of freezing.
Found a trident.
There are monsters nearby!
There are monsters nearby!
Okay, then.
As you read the scroll labelled SOEMME SODYCK, it crumbles to dust.
The gnoll shouts! x2; The kobold shouts!
Magic quickly surges around you.
It was a scroll of vulnerability.
A gnoll comes into view. It is wielding a +0 spear.
As you read the scroll labelled BAQ MAHIYDGHOME, it dissolves into smoke.
It was a scroll of fog.
(D) Dungeon
Where to? (Enter - D:3, ? - help)
There are monsters nearby!
The rat bites you but does no damage. The gnoll barely misses you.
You barely miss the rat. You grab the rat. You constrict the rat.
The rat barely misses you.
The gnoll hits you from afar with a +0 spear!
You tentacle-slap the rat.
You kill the rat!
The gnoll closely misses you. The gnoll completely misses you.
The gnoll hits you from afar with a +2 spear of freezing.
The gnoll freezes you.
You are too injured to fight recklessly!
You tentacle-slap the gnoll. You grab the gnoll.
The gnoll is lightly wounded.
You constrict the gnoll. The gnoll hits you with a +0 spear.
The gnoll misses you.
You tentacle-slap the gnoll.
The gnoll is severely wounded.
You constrict the gnoll. The gnoll hits you with a +0 spear.
The gnoll hits you from afar with a +2 spear of freezing!
* * * LOW HITPOINT WARNING * * *
The gnoll freezes you.
You die...

#.#.###.. # #.#.#
#.#.##§§ ###....
#.#.##§# #.#####
#.#.##§# #.# #
#.#.##§# #.# #.##K#
#######.##### #.##g#
#............ #.##g#
.#.###.####~ #.##@#
#.......~ #.##.#
#.#.#####
#.##.####P###.#.# #
#......#.P. #.#.#
####.#(##.###.#..
#....#.#####..######
#.####...............
#<...#..#.###########
#.#.....#.#


You could see 2 gnolls and a kobold (weak-willed).

Vanquished Creatures
  An orc wizard (D:3)
  An adder (D:3)
  A worm (D:3)
  2 dart slugs (D:1)
  6 orcs (D:3)
  7 ball pythons
  6 endoplasms
  3 giant cockroaches
  5 goblins
  4 hobgoblins
  5 jackals
  4 kobolds
  7 quokkas
  5 bats
  3 frilled lizards
  9 rats
69 creatures vanquished.

Notes
Turn   | Place    | Note
-------+----------+-------------------------------------------
     0 | D:1      | frimble the Octopode Warper began the quest for the Orb.
     0 | D:1      | Reached XP level 1. HP: 14/14 MP: 3/3
   140 | D:1      | Reached XP level 2. HP: 18/19 MP: 5/5
   257 | D:1      | Reached skill level 3 in Unarmed Combat
   500 | D:1      | Reached XP level 3. HP: 6/24 MP: 6/6
  1325 | D:2      | Found the +3 Mad Mage's Maulers {Infuse+∞ VampMP -Cast}
  1373 | D:2      | Reached skill level 4 in Unarmed Combat
  1393 | D:2      | Learned a level 2 spell: Blink
  1541 | D:2      | Reached XP level 4. HP: 28/29 MP: 7/7
  1826 | D:3      | Found a faded altar of an unknown god.
  1876 | D:3      | Found an ornate altar of the Wu Jian Council.
  2084 | D:3      | Reached skill level 5 in Unarmed Combat
  2088 | D:3      | Reached XP level 5. HP: 28/34 MP: 8/8
  2357 | D:3      | Got Dont's Folio of Transmigration and Lightning
  2379 | D:3      | Slain by a gnoll

Illustrated notes

Levels and vault maps discovered:
D:1:      scummos_arrival_simple_fountains, layout_basic
D:2:      layout_rooms
D:3:      layout_basic, mainiacjoe_overflow_tiny_flanked, serial_aquarium,
          aquarium_bridge_long_joined [aquarium_subvault_bridge,
          aquarium_subvault_bridge, aquarium_subvault_wall,
          aquarium_subvault_window, aquarium_subvault_bridge,
          aquarium_subvault_window], aquarium_window_double, aquarium_window_3,
          aquarium_window_1, aquarium_view_2c, aquarium_balcony_double_1,
          aquarium_pool_corner, nicolae_ecumenical_lake_church,
          kennysheep_cluttered_room, kennysheep_generic_room_8, uniq_natasha

Skill      XL: |  1  2  3  4 |
---------------+-------------+-----
Unarmed Combat | 3 4 5 |  5.1
Fighting       | |  2.0
Throwing       | |  1.0
Dodging        | |  2.3
Spellcasting   | |  2.0
Translocations | |  3.0

Action                     |  1- 3 |  4- 6 || total
---------------------------+-------+-------++-------
  Melee: Unarmed           |   104 |    51 ||   155
         Tentacles         |    21 |     8 ||    29
         Constrict         |    25 |    18 ||    43
         Punch             |       |     3 ||     3
    Use: Scroll            |     1 |     2 ||     3
   Stab: Sleeping          |     7 |     3 ||    10
 Armour: Skin              |    16 |     2 ||    18
  Dodge: Dodged            |    59 |    29 ||    88

Table legend: (Time is in decaauts)
 A = Elapsed time spent in this place.
 B = Non-inter-level travel time spent in this place.
 C = Inter-level travel time spent in this place.
 D = Time resting spent in this place.
 E = Time spent auto-exploring this place.
 F = Levels seen in this place.
 G = Mean time per level.
                   A        B        C        D        E       F      G
               +--------+--------+--------+--------+--------+-----+--------+
         Total |   2367 |   2306 |     61 |      0 |   1940 |   3 |  789.0 |
       Dungeon |   2367 |   2306 |     61 |      0 |   1940 |   3 |  789.0 |
               +--------+--------+--------+--------+--------+-----+--------+

Top non-repeatable levels by time:
     D:1: 1239 daAuts
     D:3: 585 daAuts
     D:2: 542 daAuts
